 Dungeon Crawl Stone Soup version 0.25.1-8-g42b30a86e7 (webtiles) character file.

Game seed: 14517625014800274179

293 Gabide the Poker (level 6, 0/48 HPs)
             Began as a Human Abyssal Knight on Dec 4, 2020.
             Was a Believer of Lugonu.
             Slain by a slave (2 damage)
             ... led by Pikel
             ... while paralysed
             ... on level 5 of the Dungeon.
             The game lasted 00:09:17 (4190 turns).

Gabide the Poker (Human Abyssal Knight)             Turns: 4190, Time: 00:09:18

Health: 0/48       AC:  6    Str: 14    XL:     6   Next: 60%
Magic:  16/16      EV:  2    Int: 12    God:    Lugonu [**....]
Gold:   197        SH:  0    Dex: 13    Spells: 5/5 levels left

rFire    . . .     SeeInvis .   a - +3 spear
rCold    . . .     Gourm    .   (no shield)
rNeg     . . .     Faith    .   e - +0 ring mail
rPois    .         Spirit   .   d - +0 helmet
rElec    .         Reflect  .   (no cloak)
rCorr    .         Harm     .   (no gloves)
MR       .....                  (no boots)
Stlth    +.........             h - amulet of regeneration
HPRegen  0.56/turn              i - ring of magical power
MPRegen  0.15/turn              (no ring)

@: paralysed, berserk cooldown, slowed
A: no striking features
a: Depart the Abyss, Bend Space, Renounce Religion


You were on level 5 of the Dungeon.
You worshipped Lugonu.
Lugonu was pleased with you.
You were hungry.

You visited 1 branch of the dungeon, and saw 5 of its levels.
You visited the Abyss 1 time.

You collected 197 gold pieces.

Inventory:

Hand Weapons
 a - a +3 spear (weapon)
Missiles
 b - 120 stones
 k - 27 poisoned darts (quivered)
Armour
 d - a +0 helmet (worn)
 e - a +0 ring mail (worn)
Jewellery
 g - a cursed -4 ring of evasion {unknown}
 h - an amulet of regeneration (around neck)
 i - a ring of magical power (left hand)
Scrolls
 m - 3 scrolls of fog
 o - 4 scrolls of remove curse
Potions
 f - 3 potions of brilliance
 l - a potion of magic
 r - a potion of stabbing {unknown}
 s - a potion of flight {unknown}
Comestibles
 c - 4 rations


   Skills:
 + Level 3.9 Fighting
 * Level 4.5 Polearms
 + Level 1.1 Throwing
 + Level 3.1 Armour
 * Level 2.4 Dodging
 + Level 2.0 Invocations


You had 5 spell levels left.
You didn't know any spells.
Your spell library was empty.

Dungeon Overview and Level Annotations

Branches:
Dungeon (5/15)
 Temple: D:4-7

Altars:
Ashenzari
Cheibriados
Ru
Trog
Zin

Annotations:
D:4 2 transporters, Clowwww's ghost, amateur DsGl
D:5 Pikel


Message History

Aim: Pikel, wielding a +0 whip of freezing, wearing a +1 robe of magic resistance and carrying a wand of acid (4) (severely wounded)
The slave is in the way.
You puncture the slave!
You kill the slave!
That felt strangely unrewarding.
Attack whom?
Press: ? - help, Dir - move target cursor, f/p - Pikel
Aim: Pikel, wielding a +0 whip of freezing, wearing a +1 robe of magic resistance and carrying a wand of acid (4) (severely wounded)
You reach to attack!
You barely miss Pikel.
Pikel is severely wounded.
Attack whom?
Press: ? - help, Dir - move target cursor, f/p - Pikel
Aim: Pikel, wielding a +0 whip of freezing, wearing a +1 robe of magic resistance and carrying a wand of acid (4) (severely wounded)
The slave is in the way.
You hit the slave.
The slave is lightly wounded.
You are no longer berserk.
You pass out from exhaustion.
You feel yourself slow down. The slave hits you.
* * * LOW HITPOINT WARNING * * *
The slave hits you.
You die...

#....... #.......
......######## ###
.....##.>...# ..#
#.#.##.....# ... #
#..........# ..# #.
###.##.....# ##
#.####.##.....#
####......####@###
#.......#.# #p##
#.#####.#.# #Kp#
#.##......# ##.# #
#.##.....######.###### #
#.##.##.##...........#
###........#.####.####.#
#........(## #.....ยง.#
..####.##..# #.##.##.#


You could see Pikel and 2 slaves.

Vanquished Creatures
  2 slaves (D:5)
  A bullfrog zombie (D:4)
  A hound (D:4)
  Terence (D:3)
  An iguana (D:4)
  A worker ant (D:4)
  5 adders
  A shadow imp (D:5)
  4 worms
  5 dart slugs
  4 leopard geckos
  3 ball pythons
  7 giant cockroaches
  12 goblins
  6 hobgoblins
  4 jackals (D:3)
  7 kobolds
  7 bats
  4 frilled lizards
  4 rats
80 creatures vanquished.

Vanquished Creatures (others)
  3 plants (D:4)
3 creatures vanquished.

Grand Total: 83 creatures vanquished

Notes
Turn   | Place    | Note
-------+----------+-------------------------------------------
     0 | Abyss:1  | Gabide the Human Abyssal Knight began the quest for the
                  | Orb.
     0 | Abyss:1  | Reached XP level 1. HP: 18/18 MP: 2/2
    14 | Abyss:1  | Found an ancient bone altar of Kikubaaqudgha.
    57 | Abyss:1  | Noticed a wretched star
    61 | D:1      | Escaped the Abyss
   112 | D:1      | Reached * piety under Lugonu
   213 | D:1      | Reached XP level 2. HP: 24/24 MP: 3/3
   557 | D:1      | Reached XP level 3. HP: 29/29 MP: 4/4
  1044 | D:2      | Reached XP level 4. HP: 28/35 MP: 5/5
  1391 | D:2      | Reached skill level 3 in Polearms
  1773 | D:2      | Found a bloodstained altar of Trog.
  2319 | D:3      | Found a snail-covered altar of Cheibriados.
  2338 | D:3      | Reached ** piety under Lugonu
  2384 | D:3      | Reached XP level 5. HP: 41/41 MP: 6/6
  2497 | D:3      | Found a glowing silver altar of Zin.
  2498 | D:3      | Noticed an angel
  2563 | D:3      | Noticed Terence
  2635 | D:3      | Killed Terence
  2635 | D:3      | Reached skill level 1 in Throwing
  3184 | D:4      | Reached skill level 4 in Polearms
  3184 | D:4      | Reached XP level 6. HP: 29/48 MP: 7/7
  3234 | D:4      | Found a shattered altar of Ashenzari.
  3410 | D:4      | Found a transporter.
  3410 | D:4      | Found a transporter.
  3932 | D:4      | Noticed Clowwww's ghost (amateur DsGl)
  4069 | D:5      | Entered Level 5 of the Dungeon
  4147 | D:5      | Found a sacrificial altar of Ru.
  4152 | D:5      | Noticed a slave
  4152 | D:5      | Noticed a slave
  4152 | D:5      | Noticed a slave
  4152 | D:5      | Noticed Pikel
  4174 | D:5      | Killed a slave
  4174 | D:5      | Noticed a slave
  4187 | D:5      | Killed a slave
  4189 | D:5      | HP: 2/48 [slave[Pikel] (5)]
  4190 | D:5      | Slain by a slave

Illustrated notes

Levels and vault maps discovered:
D:1:      shiori_shiawase, layout_rooms
D:2:      layout_basic, bloody_trog, first_ration
D:3:      layout_rooms, zin_angel, kennysheep_slug_shrine,
          nicolae_overflow_hidden_temple, st_stairs_10, uniq_terence
D:4:      layout_loops_ring, kennysheep_mini, gammafunk_ghost_gnarly_gnolls,
          abandoned_shop
D:5:      layout_loops_cross, nicolae_gozag_seed_capital,
          nicolae_ru_sacrificial_ziggurat, chequers_serial_rivers_room_a,
          uniq_grinder, uniq_pikel

Skill      XL: |  1  2  3  4  5  6 |
---------------+-------------------+-----
Polearms       | 3 4 |  4.5
Throwing       | 1 |  1.1
Dodging        | 2 |  2.4
Armour         | 3 |  3.1
Fighting       | |  3.9
Invocations    | |  2.0

Action                   |  1- 3 |  4- 6 || total
-------------------------+-------+-------++-------
Melee: Spear             |   118 |   290 ||   408
Throw: Stone             |    15 |    28 ||    43
       Dart              |       |    26 ||    26
Invok: Depart the Abyss  |     1 |       ||     1
       Bend Space        |       |     1 ||     1
  Use: Scroll            |     3 |    12 ||    15
       Potion            |       |     2 ||     2
  Eat: Chunk             |     1 |     9 ||    10
Armor: Ring mail         |    51 |    73 ||   124
Dodge: Dodged            |    53 |   116 ||   169
